 Dungeon Crawl Stone Soup version 0.31-a0-640-g39d97e502b (console) character file.

Game seed: 12329975528309026948

5319 jejorda2 the Cleaver (level 10, -5/80 (82) HPs)
             Began as a Gnoll Berserker on Aug 28, 2023.
             Was a Priest of Trog.
             Killed from afar by a deep elf pyromancer (8 damage)
             ... with a sticky flame
             ... on level 8 of the Dungeon.
             The game lasted 00:22:57 (8219 turns).

jejorda2 the Cleaver (Gnoll Berserker)              Turns: 8219, Time: 00:22:59

HP:   -5/80 (82)    AC: 13    Str: 20    XL:     10   Next: 64%
MP:   18/18         EV: 13    Int:  6    God:    Trog [***...]
Gold: 55            SH:  6    Dex: 13    Spells: 20/20 levels left

rFire   . . .        a - +3 hand axe (elec)
rCold   . . .        b - +1 buckler
rNeg    . . .        p - +0 plate armour
rPois   .            (no helmet)
rElec   .            (no cloak)
rCorr   .            (no gloves)
SInv    +            (no boots)
Will    ++...        (no amulet) Stlth
                     H - +5 ring of evasion
HPRegen 1.33/turn    E - ring of see invisible
MPRegen 0.16/turn

%: no passive effects
@: on fire, strong-willed (expiring), regenerating (expiring), hasted, glowing,
lightly drained, very quick
A: fangs 1, strong nose, distributed training
a: Renounce Religion, Berserk, Trog's Hand


You were on level 8 of the Dungeon.
You worshipped Trog.
Trog was most pleased with you.
You visited 1 branch of the dungeon, and saw 8 of its levels.

You collected 306 gold pieces.
You spent 251 gold pieces at shops.

Inventory:

Hand Weapons
 a - a +3 hand axe of electrocution (weapon)
 x - a +2 flail of protection
 D - a +2 war axe of venom
Missiles
 d - 4 boomerangs
 g - 6 javelins
 B - 5 throwing nets
 F - 11 poisoned darts
Armour
 b - a +1 buckler (worn)
 p - a +0 plate armour (worn)
 y - a +0 scale mail of cold resistance
Jewellery
 c - a ring of positive energy
 h - a ring of protection from cold
 E - a ring of see invisible (right hand)
 H - a +5 ring of evasion (left hand)
Wands
 j - a wand of flame (46)
 u - a wand of polymorph (4)
Scrolls
 l - a scroll of revelation
 m - 2 scrolls of enchant armour
 w - 2 scrolls of teleportation
 J - a scroll of fear
Potions
 k - 4 potions of curing
 o - a potion of brilliance {unknown}
 t - 2 potions of resistance
 v - 4 potions of might
 z - a potion of cancellation {unknown}
 A - 2 potions of mutation


   Skills:
 + Level 8.7 Fighting
 + Level 5.5 Short Blades
 + Level 5.5 Long Blades
 + Level 8.7 Axes
 + Level 5.5 Maces & Flails
 + Level 5.5 Polearms
 + Level 5.5 Staves
 + Level 5.5 Ranged Weapons
 + Level 5.5 Throwing
 + Level 7.3 Armour
 + Level 7.3 Dodging
 + Level 5.5 Stealth
 + Level 5.5 Shields
 + Level 5.5 Unarmed Combat
 + Level 5.5 Spellcasting
 + Level 4.6 Conjurations
 + Level 4.6 Hexes
 + Level 4.6 Summonings
 + Level 4.6 Necromancy
 + Level 4.6 Translocations
 + Level 4.6 Transmutations
 + Level 4.6 Fire Magic
 + Level 4.6 Ice Magic
 + Level 4.6 Air Magic
 + Level 4.6 Earth Magic
 + Level 4.6 Poison Magic
 + Level 6.1 Invocations
 + Level 5.5 Evocations
 + Level 5.1 Shapeshifting


You had 20 spell levels left.
You didn't know any spells.
Your spell library was empty.

Dungeon Overview and Level Annotations

Branches:
Dungeon (8/15)             Temple (0/1) D:6
   Lair: D:8-11

Altars:
Dithmenos
Elyvilon
Fedhas
Gozag
Hepliaklqana
Makhleb
Okawaru
Qazlal
Sif Muna
Yredelemnul
Zin
The Shining One

Shops:
D:5 (?:?*!


Innate Abilities, Weirdness & Mutations

You have very sharp teeth.
Your uncanny sense of smell can sniff out nearby items.
Your experience applies equally to all skills.


Message History

You hit the fire elemental. The fire elemental hits you.
The fire elemental burns you!
The deep elf pyromancer barely misses you.
You hit the deep elf pyromancer.
The deep elf pyromancer is severely wounded.
You hit the fire elemental but do no damage.
The fire elemental hits you. The fire elemental burns you!
The deep elf pyromancer gestures at you while chanting.
The sticky flame misses you.
You hit the deep elf pyromancer.
The deep elf pyromancer is almost dead.
You slash the fire elemental! The fire elemental hits you.
The fire elemental burns you!
The deep elf pyromancer closely misses you.
You block the fire elemental's attack.
You hit the deep elf pyromancer but do no damage.
You bite the deep elf pyromancer, but do no damage.
The deep elf pyromancer is almost dead.
You closely miss the fire elemental. You block the fire elemental's attack.
The deep elf pyromancer casts a spell.
You barely miss the deep elf pyromancer.
The deep elf pyromancer is almost dead.
You closely miss the fire elemental. x2
You feel the effects of Trog's Hand fading.
The fire elemental hits you. The fire elemental burns you!
* * * LOW HITPOINT WARNING * * *
The fire elemental hits you. The fire elemental burns you!
* * * LOW HITPOINT WARNING * * *
The deep elf pyromancer hits you with the +5 lajatang of Mayhem {drain, Stlth+}!
* * * LOW HITPOINT WARNING * * *
You feel drained.
* * * LOW HITPOINT WARNING * * *
It was a potion of haste.
You feel yourself speed up.
You recover from your berserk rage.
The fire elemental completely misses you.
You block the fire elemental's attack.
The deep elf pyromancer gestures at you while chanting.
The sticky flame hits you!
You are covered in liquid flames!
You die...

#..#.# #.#* *,*,,,,,*,* ##....#
#.# **,,,,,,,**
###....#####.#********'******
#......#..#...,,,**,,,,,,,**,
#......#.###.##*,*,,*****,,*,
##......#..#...#,,*,**,,,,*,*,
#.......#.###.##*,*,*,,,,,*,*,
###.......'..#...#,,+,*,,,,,*,+,
#.........#.###@##*,*,*,,,,,*,*,
#.........#..#EeE#∆,*,**,,,**,*,
#......:..#.###E##*,*,,*****,,*,
##........#......#,,**,,,,,,,**,
#...##...#####.##*******+******
##.........# #.# *,,,,*,,,,*
##.#........# #.#* *,**,,,**,*
....#.......# #..** *,**,,,**,*
....#.......##
##.,***,,,*,*,,,**


You could see a deep elf pyromancer and 3 fire elementals.

Vanquished Creatures
  Pikel (D:4)
  A cyclops (D:8)
  A tengu conjurer (D:8)
  Grinder (D:5)
  A slime creature (D:8)
  A shadow (D:8)
  A wyvern (D:7)
  Eustachio (D:4)
  2 steam dragons
  Menkaure (D:5)
  Edmund (D:5)
  Duvessa (D:4)
  2 ice beasts
  3 orc warriors
  A sky beast (D:8)
  2 centaurs (D:8)
  A lemure (D:3)
  A phantom (D:4)
  A kobold brigand (D:7)
  5 bullfrogs
  A gnoll sergeant (D:6)
  A scorpion (D:7)
  10 wights
  Dowan (D:4)
  A howler monkey (D:5)
  4 hounds
  A jelly (D:8)
  2 orc priests (D:7)
  2 gnoll boudas (D:6)
  Ijyb (D:3)
  A sleepcap (D:4)
  2 iguanas (D:5)
  5 orc wizards
  15 gnolls
  8 adders
  A shadow imp (D:7)
  3 white imps
  2 ufetubi
  A worm (D:5)
  2 dart slugs
  30 orcs
  3 ball pythons
  9 bats
  5 endoplasms
  3 giant cockroaches
  A goblin (D:2)
  8 hobgoblins
  3 jackals (D:5)
  8 kobolds
  5 quokkas
  2 frilled lizards (D:1)
  3 rats
  A spectral kobold (D:4)
174 creatures vanquished.

Vanquished Creatures (others)
  A yak (D:8)
1 creature vanquished.

Grand Total: 175 creatures vanquished

Notes
Turn   | Place    | Note
-------+----------+-------------------------------------------
     0 | D:1      | jejorda2 the Gnoll Berserker began the quest for the Orb.
     0 | D:1      | Reached XP level 1. HP: 23/23 MP: 1/1
   270 | D:1      | Reached XP level 2. HP: 28/29 MP: 2/2
   922 | D:2      | Reached XP level 3. HP: 35/35 MP: 3/3
   944 | D:2      | Found a faded altar of an unknown god.
  1020 | D:2      | Reached skill level 1 in Invocations
  1062 | D:2      | Reached ** piety under Trog
  1147 | D:2      | Identified the +2 robe of Ojoi {rC+ Str+8 Dex-4}
  1179 | D:2      | You fall into a shaft and drop 1 floor!
  1313 | D:2      | Reached skill level 1 in Short Blades
  1313 | D:2      | Reached skill level 1 in Long Blades
  1313 | D:2      | Reached skill level 1 in Maces & Flails
  1313 | D:2      | Reached skill level 1 in Polearms
  1313 | D:2      | Reached skill level 1 in Staves
  1313 | D:2      | Reached skill level 1 in Ranged Weapons
  1313 | D:2      | Reached skill level 1 in Throwing
  1313 | D:2      | Reached skill level 1 in Stealth
  1313 | D:2      | Reached skill level 1 in Shields
  1313 | D:2      | Reached skill level 1 in Unarmed Combat
  1313 | D:2      | Reached skill level 1 in Spellcasting
  1313 | D:2      | Reached skill level 1 in Evocations
  1556 | D:3      | Reached skill level 1 in Shapeshifting
  1556 | D:3      | Reached XP level 4. HP: 41/41 MP: 5/5
  1621 | D:3      | Noticed Ijyb
  1636 | D:3      | Killed Ijyb
  1637 | D:3      | Reached skill level 1 in Conjurations
  1637 | D:3      | Reached skill level 1 in Hexes
  1637 | D:3      | Reached skill level 1 in Summonings
  1637 | D:3      | Reached skill level 1 in Necromancy
  1637 | D:3      | Reached skill level 1 in Translocations
  1637 | D:3      | Reached skill level 1 in Transmutations
  1637 | D:3      | Reached skill level 1 in Fire Magic
  1637 | D:3      | Reached skill level 1 in Ice Magic
  1637 | D:3      | Reached skill level 1 in Air Magic
  1637 | D:3      | Reached skill level 1 in Earth Magic
  1637 | D:3      | Reached skill level 1 in Poison Magic
  1791 | D:3      | Found a burning altar of Makhleb.
  1848 | D:3      | Reached XP level 5. HP: 47/47 MP: 5/7
  2153 | D:3      | Found a basalt altar of Yredelemnul.
  2153 | D:3      | Found a shadowy altar of Dithmenos.
  2433 | D:4      | Noticed a lemure
  2476 | D:3      | Killed a lemure
  2673 | D:4      | Reached XP level 6. HP: 39/53 MP: 8/8
  2768 | D:4      | Noticed Eustachio
  2785 | D:4      | Killed Eustachio
  2786 | D:4      | Reached skill level 5 in Armour
  2786 | D:4      | Reached skill level 5 in Dodging
  3065 | D:4      | Reached XP level 7. HP: 49/59 MP: 10/10
  3360 | D:4      | Found a hazy altar of Hepliaklqana.
  3360 | D:4      | Noticed Duvessa
  3360 | D:4      | Noticed Dowan
  3368 | D:4      | Killed Duvessa
  3376 | D:5      | Entered Level 5 of the Dungeon
  3426 | D:4      | Killed Dowan
  3574 | D:4      | Noticed Pikel
  3587 | D:4      | Killed Pikel
  3588 | D:4      | Reached XP level 8. HP: 67/67 MP: 12/12
  3904 | D:5      | Found Pogijad's Antique Weapon Shoppe.
  3907 | D:5      | Found Lewug's Magic Scroll Emporium.
  3909 | D:5      | Noticed Menkaure
  3910 | D:5      | Found Qyhoirar's Magic Scroll Emporium.
  3910 | D:5      | Found Liwefore's Assorted Antiques.
  3924 | D:5      | Killed Menkaure
  4073 | D:5      | Found Wiajorr's Distillery.
  4073 | D:5      | Found Faryirunk's Book Shoppe.
  4188 | D:5      | Found a shimmering blue altar of Sif Muna.
  4310 | D:5      | Found a stormy altar of Qazlal.
  4361 | D:5      | Noticed Grinder
  4372 | D:5      | Noticed Edmund
  4379 | D:5      | Killed Edmund
  4383 | D:5      | Killed Grinder
  4384 | D:5      | Reached XP level 9. HP: 73/73 MP: 14/14
  4700 | D:5      | Found a blossoming altar of Fedhas.
  4855 | D:6      | Found a staircase to the Ecumenical Temple.
  5341 | D:6      | Found an iron altar of Okawaru.
  5356 | D:6      | Found an opulent altar of Gozag.
  5698 | D:5      | Bought a glowing war axe for 175 gold pieces
  5761 | D:7      | Found a glowing golden altar of the Shining One.
  5761 | D:7      | Found a glowing silver altar of Zin.
  5761 | D:7      | Found a white marble altar of Elyvilon.
  5956 | D:7      | Reached skill level 5 in Invocations
  6445 | D:7      | Reached XP level 10. HP: 69/80 MP: 17/17
  6512 | D:7      | Reached *** piety under Trog
  6586 | D:7      | Reached skill level 5 in Short Blades
  6586 | D:7      | Reached skill level 5 in Long Blades
  6586 | D:7      | Reached skill level 5 in Maces & Flails
  6586 | D:7      | Reached skill level 5 in Polearms
  6586 | D:7      | Reached skill level 5 in Staves
  6586 | D:7      | Reached skill level 5 in Ranged Weapons
  6586 | D:7      | Reached skill level 5 in Throwing
  6586 | D:7      | Reached skill level 5 in Stealth
  6586 | D:7      | Reached skill level 5 in Shields
  6586 | D:7      | Reached skill level 5 in Unarmed Combat
  6586 | D:7      | Reached skill level 5 in Spellcasting
  6586 | D:7      | Reached skill level 5 in Evocations
  7330 | D:5      | Bought a scroll labelled ATEPNUKL TUEJI for 19 gold pieces
  7330 | D:5      | Bought a scroll labelled GABBAEPHUS for 19 gold pieces
  7330 | D:5      | Bought a scroll labelled KODIOCA MIRIEKI for 19 gold pieces
  7532 | D:5      | Bought a scroll labelled ESO FODDIMNOI for 19 gold pieces
  7893 | D:8      | Noticed a deep elf pyromancer
  7893 | D:8      | Noticed a red ugly thing
  7977 | D:8      | Noticed a cyclops
  7990 | D:8      | Killed a cyclops
  7995 | D:8      | Identified the +0 robe "Jujimahu" {Rampage rElec rC+ Will+}
  8166 | D:8      | Reached skill level 5 in Shapeshifting
  8200 | D:8      | Identified the +5 lajatang of Mayhem {drain, Stlth+}
  8200 | D:8      | Noticed a deep elf pyromancer
  8218 | D:8      | HP: 1/80 [deep elf pyromancer/the +5 lajatang of Mayhem
                  | {drain, Stlth+} (5)]
  8219 | D:8      | Killed from afar by a deep elf pyromancer

Illustrated notes

Levels and vault maps discovered:
D:1:      psy_arrival_heroes, layout_basic, hex_tiny
D:2:      layout_basic, basic_ecumenical_altar
D:3:      layout_basic, lightli_temple_of_fire,
          chequers_temple_overflow_statue_of_worship,
          kennysheep_generic_room_11, uniq_ijyb
D:4:      layout_basic, nicolae_hepliaklqana_monster_ancestors,
          kennysheep_generic_room_12, uniq_pikel, uniq_eustachio, uniq_duvessa
D:5:      layout_loops_ring, marbit_many_paths, fedhas_altar_fruit_tree,
          led_sif_pool, nicolae_shop_national_dungeon_mall, serial_bayou_pond_a,
          minmay_fountain_box, uniq_grinder, uniq_edmund, uniq_menkaure
D:6:      layout_cave_pools, mainiacjoe_overflow_concentric_impassable,
          mainiacjoe_overflow_alcove_2, temple_doors_e
D:7:      layout_layer_cave, good_gods_mini_temple
D:8:      minmay_the_grid_plus_closed [minmay_the_grid_minigrid_large,
          minmay_the_grid_square_x, minmay_the_grid_x, minmay_the_grid_slots,
          minmay_the_grid_prize_inner_circle], layout_cave_pools, uniq_joseph

Skill      XL: |  1  2  3  4  5  6  7  8  9 10 |
---------------+-------------------------------+-----
Invocations    | 1 2 3 4 5 6 |  6.1
Short Blades   | 1 2 3 4 5 |  5.5
Long Blades    | 1 2 3 4 5 |  5.5
Maces & Flails | 1 2 3 4 5 |  5.5
Polearms       | 1 2 3 4 5 |  5.5
Staves         | 1 2 3 4 5 |  5.5
Ranged Weapons | 1 2 3 4 5 |  5.5
Throwing       | 1 2 3 4 5 |  5.5
Stealth        | 1 2 3 4 5 |  5.5
Shields        | 1 2 3 4 5 |  5.5
Unarmed Combat | 1 2 3 4 5 |  5.5
Spellcasting   | 1 2 3 4 5 |  5.5
Evocations     | 1 2 3 4 5 |  5.5
Shapeshifting  | 1 2 3 4 5 |  5.1
Conjurations   | 1 2 3 4 |  4.6
Hexes          | 1 2 3 4 |  4.6
Summonings     | 1 2 3 4 |  4.6
Necromancy     | 1 2 3 4 |  4.6
Translocations | 1 2 3 4 |  4.6
Transmutations | 1 2 3 4 |  4.6
Fire Magic     | 1 2 3 4 |  4.6
Ice Magic      | 1 2 3 4 |  4.6
Air Magic      | 1 2 3 4 |  4.6
Earth Magic    | 1 2 3 4 |  4.6
Poison Magic   | 1 2 3 4 |  4.6
Armour         | 5 6 7 |  7.3
Dodging        | 5 6 7 |  7.3
Fighting       | 7 8 |  8.7
Axes           | 7 8 |  8.7

Action                     |  1- 3 |  4- 6 |  7- 9 | 10-12 || total
---------------------------+-------+-------+-------+-------++-------
  Melee: Hand axe          |    98 |   147 |   251 |   111 ||   607
         Bite              |     7 |    10 |    25 |    12 ||    54
         Punch             |       |     1 |     5 |       ||     6
 Invoke: Berserk           |     1 |     6 |     8 |     3 ||    18
         Trog's Hand       |       |     2 |     5 |     1 ||     8
  Evoke: Wand              |       |       |       |     1 ||     1
    Use: Potion            |       |       |     1 |     1 ||     2
         Scroll            |       |       |       |    16 ||    16
   Stab: Sleeping          |       |     1 |       |       ||     1
 Armour: Ring mail         |    36 |    15 |       |       ||    51
         Animal skin       |     3 |       |       |       ||     3
         Plate armour      |       |    60 |   101 |    39 ||   200
  Dodge: Dodged            |    62 |    57 |    75 |    53 ||   247
  Block: Buckler           |       |       |    14 |    30 ||    44

Table legend: (Time is in decaauts)
 A = Elapsed time spent in this place.
 B = Non-inter-level travel time spent in this place.
 C = Inter-level travel time spent in this place.
 D = Time resting spent in this place.
 E = Time spent auto-exploring this place.
 F = Levels seen in this place.
 G = Mean time per level.
                   A        B        C        D        E       F      G
               +--------+--------+--------+--------+--------+-----+--------+
         Total |   8359 |   7651 |    708 |   1046 |   5265 |   8 | 1044.9 |
       Dungeon |   8359 |   7651 |    708 |   1046 |   5265 |   8 | 1044.9 |
               +--------+--------+--------+--------+--------+-----+--------+

Top non-repeatable levels by time:
     D:7: 1854 daAuts
     D:4: 1318 daAuts
     D:5: 1254 daAuts
     D:3: 942 daAuts
     D:6: 894 daAuts
     D:1: 788 daAuts
     D:2: 774 daAuts
     D:8: 531 daAuts
